 Dungeon Crawl Stone Soup version 0.28.0 (webtiles) character file.

Game seed: 12527109582442296987

6132 freelancePsychic the Thaumaturge (level 11, 0/84 HPs)
             Began as a Djinni Conjurer on Feb 8, 2022.
             Was a Priest of Makhleb.
             Slain by sirJeffrey23's ghost (32 damage)
             ... on level 10 of the Dungeon.
             The game lasted 00:14:36 (11705 turns).

freelancePsychic the Thaumaturge (Djinni Conjurer) Turns: 11705, Time: 00:14:37

Health: 0/84       AC:  8    Str:  6    XL:     11   Next: 13%
Gold:   699        EV: 10    Int: 30    God:    Makhleb [***...] SH:  0 Dex: 12

rFire   + + .      SeeInvis .   (no weapon)
rCold   . . .      Faith    .   (no shield)
rNeg    . . .      Spirit   .   J - +2 ring mail {rC+}
rPois   ∞          Reflect  .   (no helmet)
rElec   .          Harm     .   z - +0 cloak
rCorr   .          Rampage  .   (no gloves)
Will    +....                   (boots unavailable)
Stlth   +.........              (no amulet)
HPRegen 0.24/turn               j - +6 ring of intelligence
MPRegen 0.00/turn               (no ring)

@: flying
A: sickness immunity, fire resistance 2, cold vulnerability 1, float, innate
caster, HP casting, extra vitality 1
a: Renounce Religion, Minor Destruction, Lesser Servant of Makhleb


You were on level 10 of the Dungeon.
You worshipped Makhleb.
Makhleb was most pleased with you.
You visited 2 branches of the dungeon, and saw 11 of its levels.

You collected 699 gold pieces.

Inventory:

Armour
 a - a +0 robe
 z - a +0 cloak (worn)
 J - a +2 ring mail of cold resistance (worn)
Magical Staves
 M - a staff of cold
Jewellery
 j - a +6 ring of intelligence (left hand)
 s - a ring of ice
 K - a +6 ring of dexterity
Wands
 m - a wand of mindburst (4)
 y - a wand of flame (17)
 A - a wand of acid (13)
 H - a wand of digging (6)
Scrolls
 c - 5 scrolls of teleportation {unknown}
 d - 2 scrolls of immolation {unknown}
 f - a scroll of amnesia {unknown}
 g - 4 scrolls of noise {unknown}
 h - a scroll of magic mapping {unknown}
 i - 2 scrolls of fear {unknown}
 n - 4 scrolls of vulnerability {unknown}
 p - 10 scrolls of identify {unknown}
 q - 2 scrolls of fog {unknown}
 r - a scroll of acquirement {unknown}
 t - a scroll of summoning {unknown}
 u - 4 scrolls of silence {unknown}
 C - 2 scrolls of enchant armour {unknown}
 L - a scroll of torment {unknown}
Potions
 b - 3 potions of degeneration {unknown}
 e - 4 potions of might {unknown}
 k - a potion of ambrosia {unknown}
 l - a potion of attraction {unknown}
 o - 2 potions of lignification {unknown}
 v - 3 potions of brilliance {unknown}
 w - a potion of haste {unknown}
 x - a potion of flight {unknown}
 B - 3 potions of magic {unknown}
 D - a potion of curing {unknown}
 E - 3 potions of heal wounds {unknown}
 F - a potion of cancellation {unknown}
 G - a potion of berserk rage {unknown}
 I - 2 potions of mutation {unknown}


   Skills:
 + Level 9.1 Fighting
 + Level 3.7 Dodging
 - Level 1.6 Stealth
 * Level 10.6 Spellcasting


You had 3 spell levels left.
You knew the following spells:

 Your Spells              Type           Power      Damage    Failure   Level
a - Magic Dart            Conj           100%       1d8       1%          1
b - Searing Ray           Conj           100%       2d8       1%          2
c - Frozen Ramparts       Ice            100%       1d12      1%          3
d - Fulminant Prism       Conj/Hex       34%        3d16      1%          4
e - Iskenderun's Mystic   Conj/Tloc      68%        2d14      1%          4
f - Dispel Undead         Necr           68%        3d23      1%          4
g - Sticky Flame          Conj/Fire      68%        2d8       1%          4
h - Dazzling Flash        Conj/Hex       100%       N/A       1%          3
i - Apportation           Tloc           100%       N/A       1%          1
j - Wereblood             Tmut           68%        N/A       1%          2
Your spell library was empty.

Dungeon Overview and Level Annotations

Branches:
Dungeon (10/15)            Temple (1/1) D:4
   Lair: D:8-11         Orc: D:9-12

Altars:
Ashenzari
Cheibriados
Dithmenos
Gozag
Kikubaaqudgha
Makhleb
Nemelex Xobeh
Okawaru
Qazlal
Ru
Sif Muna
Uskayaw
Wu Jian
Xom
Zin
The Shining One

Annotations:
D:9 exclusion: orange crystal statue
D:10 1 transporter, sirJeffrey23's ghost, journeyman HOMo


Innate Abilities, Weirdness & Mutations

You are immune to sickness and miasma.
You are immune to poison.
Your flesh is very heat resistant. (rF++)
You are vulnerable to cold. (rC-)
You float through the air rather than walking.
You learn spells naturally, not from books.
Your magical power is your life essence.
You have superior vitality. (+4 MHP)


Message History

Confirm with . or Enter, or press ? or * to list all spells.
You erupt in a blast of force!
The mystic blast hits sirJeffrey23's ghost.
SirJeffrey23's ghost is heavily damaged.
SirJeffrey23's ghost is knocked back by the mystic blast.
M - a staff of cold;
E - 3 dark potions (gained 1)
You now have 699 gold pieces (gained 24).
Casting: Iskenderun's Mystic Blast (dangerous; 1% risk of failure)
Confirm with . or Enter, or press ? or * to list all spells.
You erupt in a blast of force!
The mystic blast hits the naga!
The naga is almost dead.
The naga is knocked back by the mystic blast.
SirJeffrey23's ghost shrieks, "You will never get the ORB!"
Casting: Iskenderun's Mystic Blast (dangerous; 1% risk of failure)
Confirm with . or Enter, or press ? or * to list all spells.
You erupt in a blast of force!
The mystic blast hits sirJeffrey23's ghost.
SirJeffrey23's ghost is heavily damaged.
SirJeffrey23's ghost is knocked back by the mystic blast.
The naga spits poison at you.
The splash of poison hits you but does no damage.
You resist.
The naga changes into a worm!
There is a transporter landing site here.
Casting: Iskenderun's Mystic Blast (dangerous; 1% risk of failure)
Confirm with . or Enter, or press ? or * to list all spells.
You erupt in a blast of force!
The mystic blast hits sirJeffrey23's ghost but does no damage.
SirJeffrey23's ghost is heavily damaged.
SirJeffrey23's ghost hits you!!
Casting: Iskenderun's Mystic Blast (dangerous; 1% risk of failure)
Confirm with . or Enter, or press ? or * to list all spells.
You erupt in a blast of force!
The mystic blast hits the worm!
You kill the worm!
Makhleb accepts your kill.
You feel better.
The mystic blast hits sirJeffrey23's ghost but does no damage.
SirJeffrey23's ghost is heavily damaged.
SirJeffrey23's ghost hits you!!
You die...

#..##.# #.#####.###..##.# #.
...##.# ##........)....#.# #.
...##.# #................# #.
...##.# #...#########....# #.
#..##.# #..##©?.....##...######.
#.....####..#8.#...#.8#..........
#...........#...#.#...#....######
#.##........#.........#....#
#.##.......©#..W@©....#©...#
#.##...###.[#.........#....#
#.##...# #..#..†#.#...#....#
#.##...# #..#8.#...#.8#....#
#.##...# #..##.......##....#
#.##...# #...#########....
#.##...# #................
..##...# ##..............
..##...# #<####..###.##..


You could see sirJeffrey23's ghost.

Vanquished Creatures
  A cyclops (D:8)
  2 trolls (D:10)
  A vampire (D:8)
  A wyvern (D:10)
  A shadow (D:10)
  2 steam dragons
  2 water moccasins
  3 orc warriors
  A black bear (D:5)
  2 sky beasts
  3 ogres
  2 necrophages
  2 phantoms
  3 centaurs
  4 kobold brigands
  5 bullfrogs
  2 wyvern zombies
  2 scorpions
  2 water moccasin skeletons (D:4)
  2 killer bees (D:10)
  7 wights
  6 howler monkeys
  3 lava snakes (D:9)
  2 bullfrog zombies
  2 centaur zombies
  A hound (D:5)
  3 gnoll shamans
  A jelly (D:5)
  Crazy Yiuf (D:5)
  A bullfrog skeleton (D:4)
  5 orc priests
  5 iguanas
  Ijyb (D:3)
  7 orc wizards
  A hound zombie (D:5)
  A hound skeleton (D:5)
  2 howler monkey zombies
  12 gnolls
  4 adders
  A shadow imp (D:7)
  An ufetubus (D:4)
  A worm (shapeshifter) (D:10)
  A worm (D:3)
  27 orcs
  4 endoplasms
  3 giant cockroaches
  5 goblins
  3 hobgoblins
  2 jackals (D:1)
  14 kobolds
  2 quokkas
  8 ball pythons
  8 bats
  4 frilled lizards
  10 rats
202 creatures vanquished.

Vanquished Creatures (others)
  17 fulminant prisms
  9 plants (D:3)
26 creatures vanquished.

Grand Total: 228 creatures vanquished

Notes
Turn   | Place    | Note
-------+----------+-------------------------------------------
     0 | D:1      | freelancePsychic the Djinni Conjurer began the quest for
                  | the Orb.
     0 | D:1      | Reached XP level 1. HP: 15/15 MP: 0/0
   244 | D:1      | Reached XP level 2. HP: 20/22 MP: 0/0
   852 | D:1      | Reached skill level 1 in Fighting
   939 | D:1      | Reached XP level 3. HP: 25/27 MP: 0/0
   939 | D:1      | Learned a level 1 spell: Apportation
  1154 | D:1      | Found a faded altar of an unknown god.
  1721 | D:2      | Noticed an ogre
  1732 | D:2      | Killed an ogre
  1733 | D:2      | Reached skill level 4 in Spellcasting
  1733 | D:2      | Reached XP level 4. HP: 23/34 MP: 0/0
  1733 | D:2      | Reached XP level 5. HP: 26/39 MP: 0/0
  1733 | D:2      | Learned a level 2 spell: Wereblood
  2225 | D:3      | Noticed Ijyb
  2258 | D:3      | Killed Ijyb
  2259 | D:3      | Reached XP level 6. HP: 16/45 MP: 0/0
  2479 | D:3      | Found an opulent altar of Gozag.
  2479 | D:3      | Found an ornate altar of the Wu Jian Council.
  2839 | D:3      | Noticed a necrophage
  2847 | D:3      | Killed a necrophage
  2848 | D:3      | Reached skill level 5 in Spellcasting
  3274 | D:4      | Found a staircase to the Ecumenical Temple.
  3307 | Temple   | Entered the Ecumenical Temple
  3359 | Temple   | Became a worshipper of Makhleb the Destroyer
  3476 | D:4      | Reached XP level 7. HP: 44/50 MP: 0/0
  3476 | D:4      | Learned a level 3 spell: Frozen Ramparts
  4305 | D:5      | Entered Level 5 of the Dungeon
  4519 | D:5      | Reached skill level 6 in Spellcasting
  4733 | D:5      | Reached XP level 8. HP: 36/58 MP: 0/0
  5064 | D:5      | Reached skill level 5 in Fighting
  5624 | D:5      | Found a runed translucent door.
  5625 | D:5      | Noticed Crazy Yiuf
  5801 | D:5      | Killed Crazy Yiuf
  5955 | D:6      | Reached skill level 7 in Spellcasting
  6464 | D:6      | Reached XP level 9. HP: 57/66 MP: 0/0
  6464 | D:6      | Learned a level 4 spell: Dispel Undead
  7215 | D:7      | Found a sacrificial altar of Ru.
  7239 | D:7      | Found the +18 Lear's hauberk
  7249 | D:7      | Reached * piety under Makhleb
  7250 | D:7      | Reached skill level 8 in Spellcasting
  8489 | D:8      | Reached ** piety under Makhleb
  8758 | D:8      | Reached XP level 10. HP: 60/75 MP: 0/0
  8936 | D:8      | Reached skill level 9 in Spellcasting
  9254 | D:8      | Noticed a cyclops
  9262 | D:8      | Killed a cyclops
 10000 | D:9      | Reached skill level 10 in Spellcasting
 10091 | D:9      | Reached *** piety under Makhleb
 10231 | D:9      | Noticed an orange crystal statue
 10815 | D:9      | Found a shadowy altar of Dithmenos.
 11006 | D:10     | Entered Level 10 of the Dungeon
 11007 | D:10     | Found a transporter.
 11007 | D:10     | Noticed sirJeffrey23's ghost (journeyman HOMo)
 11265 | D:10     | Reached XP level 11. HP: 54/82 MP: 0/0
 11265 | D:10     | Learned a level 4 spell: Sticky Flame
 11533 | D:10     | Found a transporter.
 11705 | D:10     | Slain by sirJeffrey23's ghost

Illustrated notes

Levels and vault maps discovered:
D:1:      roderic_crossed_star, layout_rooms,
          shapermc_ecumenical_altar_mp_vishouse, minmay_misc_feat_columns,
          chequers_serial_rivers_room_b, st_stairs_3
D:2:      minmay_alternating_diamond, layout_basic,
          hangedman_abyss_or_decor_stabs
D:3:      layout_rooms, jmf_multi_god_temple, serial_forest,
          infiniplex_forest_diagonal, infiniplex_forest_clump_double,
          infiniplex_forest_clump_long, infiniplex_forest_clump_double,
          infiniplex_forest_straight_2, infiniplex_forest_straight_5,
          infiniplex_forest_end_2, infiniplex_forest_clump_curved, uniq_ijyb
D:4:      layout_basic, minmay_temple_entry_gardened_gates, st_stairs_6
D:5:      layout_loops_ring, serial_rivers, chequers_serial_rivers_small_a,
          chequers_serial_rivers_small_3, chequers_serial_rivers_room_b,
          chequers_serial_rivers_micro_e, grunt_tough_drop,
          uniq_crazy_yiuf_cottage
D:6:      layout_basic
D:7:      layout_basic, nicolae_ru_awakened_eye
D:8:      layout_cave_pods, grunt_potential
D:9:      layout_basic, kennysheep_little_box, disabler_island
D:10:     old_forge, layout_long_grid, gammafunk_ghost_arena
Temple:   compressed_dpeg_circular_temple

Skill      XL: |  1  2  3  4  5  6  7  8  9 10 11 |
---------------+----------------------------------+-----
Fighting       | 1 2 3 4 5 7 8 9 |  9.1
Spellcasting   | 4 5 6 7 8 10 | 10.6
Dodging        | 3 |  3.7
Stealth        | |  1.6

Action                   |  1- 3 |  4- 6 |  7- 9 | 10-12 || total
-------------------------+-------+-------+-------+-------++-------
Melee: Unarmed           |       |     1 |     2 |     2 ||     5
 Cast: Magic Dart        |    16 |       |       |       ||    16
       Searing Ray       |    28 |    29 |    35 |     5 ||    97
       Fulminant Prism   |       |     2 |     7 |     8 ||    17
       Iskenderun's Myst |       |     2 |    60 |    48 ||   110
       Frozen Ramparts   |       |       |     8 |     1 ||     9
       Dispel Undead     |       |       |     3 |     6 ||     9
       Sticky Flame      |       |       |       |     1 ||     1
Armor: Robe              |     2 |     6 |     4 |     3 ||    15
       Ring mail         |       |       |       |     6 ||     6
Dodge: Dodged            |     9 |    16 |    26 |    23 ||    74
